 Seeded DCSS version 0.31-a0-496-g6f97920a28 (webtiles) character file.

Game seed: 17088002534519195359 (custom seed)

18 bmack86 the Chopper (level 2, -4/26 HPs)
             Began as a Minotaur Fighter on Aug 9, 2023.
             Succumbed to a kobold's poison
             ... on level 1 of the Dungeon.
             The game lasted 00:01:00 (350 turns).

bmack86 the Chopper (Minotaur Fighter)               Turns: 350, Time: 00:01:01

Health: -4/26      AC:  8    Str: 20    XL:     2   Next: 51%
Magic:  1/1        EV:  9    Int:  5    God:
Gold:   49         SH:  4    Dex:  9    Spells: 1/1 levels left

rFire   . . .        a - +0 war axe
rCold   . . .        c - +0 buckler
rNeg    . . .        b - +0 scale mail
rPois   .            (helmet restricted)
rElec   .            (no cloak)
rCorr   .            (no gloves)
SInv    .            e - +0 pair of boots
Will    .....        (no amulet) Stlth
                     (no ring)
HPRegen 0.24/turn    (no ring)
MPRegen 0.07/turn

%: no passive effects
@: lethally poisoned (-4 -> -24), hasted, very quick
A: horns 2, retaliatory headbutt
a: no special abilities


You were on level 1 of the Dungeon.
You visited 1 branch of the dungeon, and saw 1 of its levels.

You collected 49 gold pieces.

Inventory:

Hand Weapons
 a - a +0 war axe (weapon)
Missiles
 g - 2 boomerangs
Armour
 b - a +0 scale mail (worn)
 c - a +0 buckler (worn)
 e - a +0 pair of boots (worn)
Scrolls
 f - a scroll of enchant armour {unknown}
 i - a scroll of torment {unknown}
Potions
 d - 2 potions of might
 h - a potion of attraction {unknown}


   Skills:
 - Level 3.6 Fighting
 + Level 3.9 Axes
 - Level 3.6 Armour
 - Level 3.6 Shields


You had one spell level left.
You didn't know any spells.
Your spell library was empty.

Dungeon Overview and Level Annotations

Branches:
Dungeon (1/15)

Altars:


Innate Abilities, Weirdness & Mutations

You have a pair of horns on your head.
You reflexively headbutt those who attack you in melee.


Message History

Found a scroll labelled PUORCH WEFOK.
i - a scroll labelled PUORCH WEFOK A ball python comes into view.
The ball python hisses angrily.
A kobold comes into view. It is wielding a +0 dagger.
The kobold shouts!
You slash the ball python!
You kill the ball python!
The kobold hits you but does no damage.
You barely miss the kobold. The kobold barely misses you.
You slash the kobold!
You kill the kobold!
You see here a +0 dagger.
j - a glowing dark potion 2 kobolds come into view.
A kobold is wielding a +2 dagger of venom.
The kobold shouts! x2
You hit the kobold.
You kill the kobold!
The kobold throws a stone.
The stone hits you but does no damage.
The kobold throws a stone.
The stone closely misses you.
Things that are here:
a +0 short sword; 3 stones; a kobold corpse The kobold throws a stone.
The stone hits you but does no damage. The kobold hits you but does no damage.
You are poisoned.
You completely miss the kobold.
You feel very sick.
The kobold hits you with a +2 dagger of venom.
You are lethally poisoned!
You completely miss the kobold.
You feel very sick.
The kobold hits you with a +2 dagger of venom.
You are more poisoned.
You slash the kobold!
You kill the kobold!
* * * LOW HITPOINT WARNING * * *
You feel extremely sick.
It was a potion of haste.
You feel yourself speed up.
You die...

### #.. #.# #.# #####
#.# #...#######)# ####
#.........#.#####
...###...#####..@....#
.......#........).......
...###...#######.##.....
#.## ##.## #.##..###
#.#####.# #.##..#
.)....... #......
..#####.## ####..## ..#
##.## ##.....# ..# #...
... ... #.#### .#


There were no monsters in sight!

Vanquished Creatures
  A goblin (D:1)
  A hobgoblin (D:1)
  3 jackals (D:1)
  4 kobolds (D:1)
  2 quokkas (D:1)
  3 ball pythons (D:1)
  A frilled lizard (D:1)
  2 rats (D:1)
17 creatures vanquished.

Notes
Turn   | Place    | Note
-------+----------+-------------------------------------------
     0 | D:1      | bmack86 the Minotaur Fighter began the quest for the Orb.
     0 | D:1      | Reached XP level 1. HP: 19/19 MP: 0/0
   232 | D:1      | Reached XP level 2. HP: 26/26 MP: 1/1
   349 | D:1      | HP: 1/26 [poisoned by a kobold]
   350 | D:1      | Succumbed to a kobold's poison

Illustrated notes

Levels and vault maps discovered:
D:1:      dpeg_arrival_connections, layout_loops_ring, hangedman_feature_mirror,
          nicolae_concentric_dashed_squares_mild

Skill      XL: |  1 |
---------------+----+-----
Axes           | 3 |  3.9
Fighting       | |  3.6
Armour         | |  3.6
Shields        | |  3.6

Action                     || total
---------------------------++-------
  Melee: War axe           ||    43
    Use: Potion            ||     1
 Armour: Scale mail        ||    16
  Dodge: Dodged            ||    16
  Block: Buckler           ||    12

Table legend: (Time is in decaauts)
 A = Elapsed time spent in this place.
 B = Non-inter-level travel time spent in this place.
 C = Inter-level travel time spent in this place.
 D = Time resting spent in this place.
 E = Time spent auto-exploring this place.
 F = Levels seen in this place.
 G = Mean time per level.
                   A        B        C        D        E       F      G
               +--------+--------+--------+--------+--------+-----+--------+
         Total |    366 |    366 |      0 |      0 |    219 |   1 |  366.0 |
       Dungeon |    366 |    366 |      0 |      0 |    219 |   1 |  366.0 |
               +--------+--------+--------+--------+--------+-----+--------+

Top non-repeatable levels by time:
     D:1: 366 daAuts
